 Dungeon Crawl Stone Soup version 0.31.0-32-g396128a36d (webtiles) character file.

Game seed: 946477270927826885

32 TacoSundae the Covered (level 3, -3/30 HPs)
             Began as an Armataur Fighter on Apr 13, 2024.
             Slain by a cerulean imp
             ... wielding a +2 spear
             ... summoned by Natasha
              (4 damage)
             ... on level 2 of the Dungeon.
             The game lasted 00:01:58 (990 turns).

TacoSundae the Covered (Armataur Fighter)            Turns: 990, Time: 00:01:58

Health: -3/30      AC:  6    Str: 23    XL:     3   Next: 8%
Magic:  3/3        EV:  7    Int:  8    God:
Gold:   82         SH:  4    Dex:  9    Spells: 2/2 levels left

rFire   . . .        a - +0 flail
rCold   . . .        c - +0 buckler
rNeg    . . .        b - +0 scale mail
rPois   .            (no helmet)
rElec   .            (no cloak)
rCorr   .            (no gloves)
SInv    .            (no barding)
Will    .....        (no amulet) Stlth
                     (no ring)
HPRegen 0.25/turn    (no ring)
MPRegen 0.08/turn

%: roll
@: slowed, very slow
A: large, deformed body, tough skin 3, armoured tail, roll 1
a: no special abilities


You were on level 2 of the Dungeon.
You visited 1 branch of the dungeon, and saw 2 of its levels.

You collected 82 gold pieces.

Inventory:

Hand Weapons
 a - a +0 flail (weapon)
Missiles
 f - 6 curare-tipped darts (quivered)
Armour
 b - a +0 scale mail (worn)
 c - a +0 buckler (worn)
Jewellery
 k - a ring of protection from cold
Scrolls
 i - 2 scrolls of teleportation {unknown}
 j - 2 scrolls of immolation {unknown}
Potions
 d - a potion of might
 e - a potion of lignification {unknown}
 g - 2 potions of curing {unknown}
 h - a potion of degeneration {unknown}
 l - a potion of magic {unknown}


   Skills:
 - Level 2.6 Fighting
 + Level 3.2 Maces & Flails
 - Level 3.6 Armour
 - Level 3.2 Shields


You had 2 spell levels left.
You didn't know any spells.
Your spell library was empty.

Dungeon Overview and Level Annotations

Branches:
Dungeon (2/15)

Altars:

Annotations:
D:2 Natasha


Innate Abilities, Weirdness & Mutations

Armour fits poorly on your strangely shaped body.
You have extremely tough skin. (AC +3)
You have a long armoured tail.
You regenerate magic when rolling toward enemies. (Rampage MPRegen)


Message History

You closely miss Natasha.
Your tail-slap misses Natasha.
Natasha is moderately wounded.
Natasha claws you. The kobold barely misses you.
A ribbon worm comes into view.
You hit Natasha.
Natasha is severely wounded.
Natasha claws you. The kobold hits you but does no damage.
You barely miss Natasha.
Natasha is severely wounded.
The kobold hits you but does no damage. Natasha closely misses you.
Natasha claws you. The kobold hits you with a +0 whip.
You hit Natasha.
Natasha is severely wounded.
Natasha wildly gestures.
Natasha glows brightly for a moment.
Natasha claws you but does no damage. The kobold hits you with a +0 whip.
You closely miss Natasha.
Natasha is severely wounded.
Natasha claws you! The kobold closely misses you.
You barely miss Natasha.
Natasha is severely wounded.
The kobold barely misses you. Natasha casts a spell at you.
You feel yourself slow down. Natasha claws you but does no damage.
The kobold hits you with a +0 whip.
* * * LOW HITPOINT WARNING * * *
You closely miss Natasha.
Natasha is severely wounded.
Natasha casts a spell.
The kobold closely misses you. Natasha claws you.
* * * LOW HITPOINT WARNING * * *
The kobold hits you but does no damage.
Unknown command.
You closely miss Natasha.
Natasha is severely wounded.
Natasha casts a spell.
The kobold hits you with a +0 whip.
* * * LOW HITPOINT WARNING * * *
The cerulean imp hits you from afar with a +2 spear.
You die...

#.#.# #.####### #.#.#
#.# # #.#.# #.# #
#.#.###.# #
#.#...#.#######
#.#...#.#......
#.#.#.......###
##########...#.###.#.###
.....wh@...........#.#..
......K........#####.#.#
.?..5..5.............#.#
##########..........)..#
#.############# #.# #.#
####### #.# #......
#.#####


You could see a ribbon worm, Natasha, 2 cerulean imps and a kobold.

Vanquished Creatures
  A dart slug (D:1)
  5 bats
  An endoplasm (D:1)
  2 giant cockroaches (D:1)
  2 goblins (D:1)
  2 hobgoblins
  2 jackals (D:1)
  7 ball pythons
  A frilled lizard (D:1)
  A kobold (D:1)
  5 rats (D:1)
29 creatures vanquished.

Notes
Turn   | Place    | Note
-------+----------+-------------------------------------------
     0 | D:1      | TacoSundae the Armataur Fighter began the quest for the
                  | Orb.
     0 | D:1      | Reached XP level 1. HP: 18/18 MP: 1/1
   120 | D:1      | Reached XP level 2. HP: 25/25 MP: 2/2
   734 | D:2      | Reached XP level 3. HP: 30/30 MP: 3/3
   979 | D:2      | Noticed Natasha
   990 | D:2      | HP: 1/30 [kobold/+0 whip (5)]
   990 | D:2      | Slain by a cerulean imp

Illustrated notes

Levels and vault maps discovered:
D:1:      nzn_arrival_depleted_hourglass, layout_basic, minmay_misc_feat_room,
          nrook_mini_backslash, minmay_misc_feat_ornament, dk_noncrumbling_4
D:2:      layout_basic, uniq_natasha, uniq_terence

Skill      XL: |  1  2 |
---------------+-------+-----
Maces & Flails | 2 3 |  3.2
Fighting       | |  2.6
Armour         | |  3.6
Shields        | |  3.2

Action                     || total
---------------------------++-------
  Melee: Flail             ||    91
         Tailslap          ||     8
 Armour: Scale mail        ||    77
  Dodge: Dodged            ||    44
  Block: Buckler           ||    22
